[ AOE2 MATCH · #507604298 ]
UnrankedTeutons vs Aztecs
Player's team · WIN
Rival team · LOSS
[ REPLAY ANALYSIS · EXTRACTED FROM THE RECORDED GAME ]
Feudal
9:15
Castle
22:09
Imperial
—
| APM avg | 62.8 |
| APM peak | 100 |
| eAPM avg | 31.7 |
| Villagers / military | 56 / 33 |
Focus
⚔️ 46.6% · 🌾 53.4%
Knight ×13 · Archer ×11 · Skirmisher ×4 · Militia ×3 · Mangonel ×2
Feudal
10:56
Castle
20:43
Imperial
—
| APM avg | 44.0 |
| APM peak | 73 |
| eAPM avg | 17.4 |
| Villagers / military | 52 / 13 |
Focus
⚔️ 28.5% · 🌾 71.5%
Skirmisher ×10 · Mangonel ×2 · Archer ×1
Match map
Initial resources + every placement click. Lines = walls · curves = elevation contours. ◆ gold · ⬟ stone · ● berries · ✦ relic · ◌ wall gap
Your base· ✓ Closed at 22:09 · 0t walls · 3 gate(s)
MelkorAJ's base· ✓ Closed at 20:43 · 9t walls · 5 gate(s)
Smoothed initial terrain · ◌ = detected wall gap · hover for details
Inputs per minute
— Muzio - - MelkorAJ
Build order — Muzio
First 150 of 159 actions detected
| 0:00 | Queue | Villager (Male) |
| 0:02 | Build | House |
| 0:05 | Build | House |
| 0:10 | Queue | Villager (Male) |
| 0:10 | Queue | Villager (Male) |
| 0:13 | Queue | Villager (Male) |
| 0:13 | Queue | Villager (Male) |
| 1:22 | Queue | Villager (Male) |
| 1:44 | Build | Lumber Camp |
| 1:52 | Queue | Villager (Male) |
| 1:52 | Queue | Villager (Male) |
| 2:27 | Queue | Villager (Male) |
| 2:42 | Queue | Villager (Male) |
| 2:45 | Queue | Villager (Male) |
| 2:45 | Queue | Villager (Male) |
| 3:29 | Build | House |
| 3:31 | Queue | Villager (Male) |
| 3:31 | Queue | Villager (Male) |
| 3:32 | Queue | Villager (Male) |
| 4:13 | Queue | Villager (Male) |
| 4:13 | Queue | Villager (Male) |
| 4:21 | Build | Mill |
| 4:30 | Queue | Villager (Male) |
| 4:30 | Queue | Villager (Male) |
| 4:30 | Queue | Villager (Male) |
| 5:32 | Queue | Villager (Male) |
| 6:09 | Queue | Villager (Male) |
| 6:33 | Research | Loom |
| 6:51 | Research | Feudal Age |
| 7:02 | Build | Barracks |
| 7:36 | Build | House |
| 7:41 | Queue | Villager (Male) |
| 7:50 | Queue | Militia |
| 7:51 | Queue | Militia |
| 8:07 | Queue | Militia |
| 8:13 | Build | Mining Camp |
| 8:32 | Build | House |
| 8:39 | Queue | Villager (Male) |
| 9:15 | Age | Feudal Age |
| 9:19 | Research | Man-at-Arms (upgrade) |
| 9:20 | Research | Double-Bit Axe |
| 9:20 | Research | Double-Bit Axe |
| 9:42 | Build | Archery Range |
| 9:52 | Research | Arson |
| 9:53 | Research | Arson |
| 9:54 | Queue | Villager (Male) |
| 9:55 | Queue | Villager (Male) |
| 10:05 | Build | House |
| 10:06 | Build | House |
| 10:13 | Queue | Villager (Male) |
| 10:28 | Queue | Villager (Male) |
| 10:38 | Queue | Skirmisher |
| 10:56 | Queue | Archer |
| 10:59 | Queue | Villager (Male) |
| 11:02 | Build | Farm |
| 11:17 | Queue | Villager (Male) |
| 11:44 | Queue | Villager (Male) |
| 11:47 | Build | Mining Camp |
| 11:56 | Queue | Archer |
| 11:56 | Queue | Archer |
| 11:59 | Queue | Villager (Male) |
| 12:03 | Queue | Villager (Male) |
| 12:07 | Build | House |
| 12:09 | Build | House |
| 12:16 | Queue | Villager (Male) |
| 12:16 | Queue | Villager (Male) |
| 12:28 | Build | Blacksmith |
| 12:43 | Queue | Villager (Male) |
| 12:45 | Queue | Archer |
| 12:45 | Queue | Archer |
| 13:12 | Queue | Villager (Male) |
| 13:18 | Research | Padded Archer Armor |
| 13:25 | Queue | Skirmisher |
| 13:34 | Build | Watch Tower |
| 13:44 | Queue | Villager (Male) |
| 14:01 | Build | Watch Tower |
| 14:13 | Research | Fletching |
| 14:14 | Queue | Villager (Male) |
| 14:15 | Build | Farm |
| 14:16 | Queue | Skirmisher |
| 14:17 | Queue | Skirmisher |
| 14:44 | Queue | Villager (Male) |
| 14:46 | Build | Farm |
| 14:46 | Build | Farm |
| 14:47 | Build | Farm |
| 14:48 | Build | Farm |
| 15:07 | Queue | Villager (Male) |
| 15:10 | Build | Farm |
| 15:11 | Build | Farm |
| 15:12 | Build | Farm |
| 15:34 | Queue | Archer |
| 15:37 | Queue | Villager (Male) |
| 15:39 | Build | Farm |
| 16:08 | Queue | Villager (Male) |
| 16:38 | Queue | Villager (Male) |
| 16:40 | Build | Lumber Camp |
| 17:02 | Build | Watch Tower |
| 17:19 | Build | Watch Tower |
| 17:21 | Queue | Villager (Male) |
| 17:37 | Queue | Villager (Male) |
| 17:39 | Build | Farm |
| 17:41 | Build | Farm |
| 17:59 | Queue | Villager (Male) |
| 18:01 | Build | Market |
| 18:16 | Build | Farm |
| 18:18 | Build | Farm |
| 18:20 | Build | Farm |
| 18:22 | Queue | Villager (Male) |
| 18:23 | Queue | Archer |
| 18:33 | Build | House |
| 18:35 | Queue | Villager (Male) |
| 18:44 | Build | Lumber Camp |
| 18:50 | Queue | Villager (Male) |
| 19:29 | Research | Castle Age |
| 19:43 | Queue | Archer |
| 19:53 | Research | Horse Collar |
| 19:56 | Queue | Archer |
| 19:56 | Queue | Archer |
| 20:19 | Build | Stable |
| 20:28 | Research | Scale Barding Armor |
| 20:29 | Queue | Archer |
| 20:50 | Build | Stable |
| 20:58 | Build | Farm |
| 21:08 | Build | Farm |
| 21:08 | Queue | Villager (Male) |
| 21:21 | Research | Bloodlines |
| 21:21 | Research | Bloodlines |
| 21:34 | Build | Farm |
| 21:36 | Build | Farm |
| 21:38 | Build | Farm |
| 21:40 | Build | Farm |
| 22:09 | Age | Castle Age |
| 22:10 | Queue | Knight |
| 22:10 | Queue | Knight |
| 22:10 | Queue | Knight |
| 22:18 | Build | Siege Workshop |
| 22:26 | Queue | Villager (Male) |
| 22:28 | Queue | Knight |
| 23:03 | Queue | Knight |
| 23:05 | Queue | Villager (Male) |
| 23:08 | Queue | Mangonel |
| 23:09 | Queue | Mangonel |
| 23:19 | Build | House |
| 23:20 | Build | House |
| 23:23 | Queue | Knight |
| 23:23 | Queue | Knight |
| 23:26 | Research | Forging |
| 23:50 | Queue | Knight |
| 23:50 | Queue | Knight |
| 24:02 | Queue | Villager (Male) |
Build order — MelkorAJ
136 actions detected in the replay
| 0:00 | Queue | Villager (Male) |
| 0:01 | Build | House |
| 0:02 | Build | House |
| 0:13 | Queue | Villager (Male) |
| 0:13 | Queue | Villager (Male) |
| 0:13 | Queue | Villager (Male) |
| 1:23 | Queue | Villager (Male) |
| 1:51 | Build | Lumber Camp |
| 1:58 | Queue | Villager (Male) |
| 2:29 | Queue | Villager (Male) |
| 2:30 | Queue | Villager (Male) |
| 3:15 | Queue | Villager (Male) |
| 3:41 | Queue | Villager (Male) |
| 3:59 | Build | House |
| 4:00 | Build | House |
| 4:08 | Queue | Villager (Male) |
| 4:34 | Queue | Villager (Male) |
| 4:54 | Build | Mill |
| 5:00 | Queue | Villager (Male) |
| 5:01 | Queue | Villager (Male) |
| 5:20 | Queue | Villager (Male) |
| 6:05 | Build | Farm |
| 6:10 | Build | Farm |
| 6:12 | Queue | Villager (Male) |
| 6:12 | Queue | Villager (Male) |
| 6:31 | Build | Farm |
| 6:55 | Queue | Villager (Male) |
| 6:55 | Queue | Villager (Male) |
| 7:19 | Queue | Villager (Male) |
| 7:51 | Queue | Villager (Male) |
| 8:27 | Research | Feudal Age |
| 8:53 | Build | Mining Camp |
| 9:10 | Build | House |
| 9:16 | Build | House |
| 9:43 | Build | Barracks |
| 10:13 | Queue | Villager (Male) |
| 10:46 | Queue | Villager (Male) |
| 10:56 | Age | Feudal Age |
| 10:59 | Build | Market |
| 11:06 | Research | Double-Bit Axe |
| 11:10 | Research | Loom |
| 11:12 | Queue | Villager (Male) |
| 11:23 | Build | House |
| 11:27 | Build | Archery Range |
| 11:39 | Build | House |
| 11:43 | Build | House |
| 11:52 | Queue | Villager (Male) |
| 12:12 | Build | House |
| 12:15 | Build | House |
| 12:23 | Queue | Archer |
| 12:52 | Build | Watch Tower |
| 12:54 | Queue | Villager (Male) |
| 12:58 | Queue | Skirmisher |
| 13:07 | Queue | Villager (Male) |
| 13:12 | Research | Horse Collar |
| 13:32 | Build | House |
| 13:33 | Queue | Skirmisher |
| 13:33 | Queue | Skirmisher |
| 13:48 | Queue | Villager (Male) |
| 14:00 | Queue | Skirmisher |
| 14:02 | Queue | Villager (Male) |
| 14:02 | Build | Farm |
| 14:05 | Build | Mining Camp |
| 14:08 | Build | Farm |
| 14:09 | Build | Farm |
| 14:17 | Build | Palisade Wall |
| 14:19 | Queue | Skirmisher |
| 14:26 | Queue | Villager (Male) |
| 14:38 | Build | Farm |
| 14:48 | Build | Palisade Wall |
| 14:59 | Build | Farm |
| 15:08 | Queue | Villager (Male) |
| 15:11 | Queue | Villager (Male) |
| 15:23 | Build | Farm |
| 15:28 | Queue | Villager (Male) |
| 15:39 | Queue | Villager (Male) |
| 16:02 | Queue | Villager (Male) |
| 16:04 | Build | Blacksmith |
| 16:07 | Build | Blacksmith |
| 16:15 | Queue | Skirmisher |
| 16:20 | Queue | Villager (Male) |
| 16:48 | Queue | Villager (Male) |
| 16:51 | Research | Fletching |
| 16:53 | Queue | Skirmisher |
| 16:55 | Build | Farm |
| 16:56 | Build | Farm |
| 17:17 | Queue | Villager (Male) |
| 17:37 | Build | Watch Tower |
| 17:46 | Queue | Skirmisher |
| 17:49 | Build | Farm |
| 17:50 | Build | Farm |
| 18:00 | Research | Castle Age |
| 18:18 | Research | Padded Archer Armor |
| 18:29 | Build | Farm |
| 18:31 | Build | Farm |
| 18:37 | Build | Outpost |
| 18:47 | Build | Farm |
| 18:48 | Queue | Skirmisher |
| 19:36 | Queue | Skirmisher |
| 19:39 | Build | Outpost |
| 19:41 | Build | Outpost |
| 19:44 | Build | Outpost |
| 19:57 | Queue | Villager (Male) |
| 20:13 | Build | Mining Camp |
| 20:20 | Research | Stone Mining |
| 20:43 | Age | Castle Age |
| 20:45 | Build | Siege Workshop |
| 20:49 | Research | Bow Saw |
| 20:56 | Build | Lumber Camp |
| 21:00 | Queue | Villager (Male) |
| 21:02 | Build | House |
| 21:03 | Build | House |
| 21:15 | Build | Outpost |
| 21:18 | Build | Outpost |
| 21:20 | Research | Town Watch |
| 21:34 | Queue | Mangonel |
| 21:51 | Queue | Villager (Male) |
| 22:26 | Queue | Villager (Male) |
| 22:29 | Queue | Mangonel |
| 22:41 | Build | Outpost |
| 22:48 | Queue | Villager (Male) |
| 23:06 | Queue | Villager (Male) |
| 23:22 | Queue | Villager (Male) |
| 23:53 | Queue | Villager (Male) |
| 24:01 | Build | Town Center |
| 24:05 | Build | House |
| 24:15 | Queue | Villager (Male) |
| 24:22 | Build | Monastery |
| 24:25 | Build | House |
| 24:35 | Queue | Villager (Male) |
| 24:36 | Queue | Villager (Male) |
| 24:36 | Queue | Villager (Male) |
| 24:48 | Build | House |
| 24:50 | Build | House |
| 24:59 | Queue | Villager (Male) |
| 24:59 | Queue | Villager (Male) |
Match timeline
| 7:02 | Muzio · first_building Barracks |
| 9:15 | Muzio · age_up feudal |
| 9:42 | Muzio · first_building Archery Range |
| 9:43 | MelkorAJ · first_building Barracks |
| 10:56 | MelkorAJ · age_up feudal |
| 11:27 | MelkorAJ · first_building Archery Range |
| 14:17 | MelkorAJ · wall_segment Palisade Wall x8 |
| 14:48 | MelkorAJ · wall_segment Palisade Wall x1 |
| 17:56 | MelkorAJ · first_market_sell 100 wood |
| 17:58 | MelkorAJ · first_market_buy 100 food |
| 18:52 | Muzio · first_market_sell 100 wood |
| 18:53 | Muzio · first_market_buy 100 food |
| 20:19 | Muzio · first_building Stable |
| 20:43 | MelkorAJ · age_up castle |
| 20:45 | MelkorAJ · first_building Siege Workshop |
| 22:09 | Muzio · age_up castle |
| 22:18 | Muzio · first_building Siege Workshop |
| 24:22 | MelkorAJ · first_building Monastery |
| 25:10 | MelkorAJ · resign |
[ AI ANALYSIS · 1 CREDIT ]
What really happened in this match?
Wolo.gg analyzes every decision: build order, eco, micro, common mistakes by bracket. Personalized analysis on WhatsApp or Discord in 30 seconds.
Civ guide
Teutons
Perfil
Jugador #3141220